 Dungeon Crawl Stone Soup version 0.20.1-1-g8b1a95d (webtiles) character file.

135 Celandrion the Sneak (level 5, -3/45 HPs)
             Began as a Hill Orc Assassin on Aug 25, 2017.
             Killed by divine providence
             ... invoked by an orc priest
              (15 damage)
             ... on level 3 of the Dungeon.
             The game lasted 00:07:20 (2546 turns).

Celandrion the Sneak (Hill Orc Assassin)            Turns: 2546, Time: 00:07:20

Health: -3/45      AC:  7    Str: 14    XL:     5   Next: 18%
Magic:  5/5        EV: 10    Int: 12    God:
Gold:   112        SH:  0    Dex: 12    Spells: 4/4 levels left

rFire    . . .     SeeInvis .   a - +2 dagger
rCold    . . .     Gourm    .   (no shield)
rNeg     . . .     Faith    .   l - +1 ring mail
rPois    .         Spirit   .   (no helmet)
rElec    .         Reflect  .   d - +0 cloak
rCorr    .         Harm     .   (no gloves)
MR       .....                  (no boots)
Stlth    ++........             (no amulet)
Regen    0.2/turn               (no ring)
MPRegen  0.1/turn               (no ring)

@: no status effects
A: no striking features
a: Convert to Beogh


You were on level 3 of the Dungeon.
You were not hungry.

You visited 1 branch of the dungeon, and saw 3 of its levels.

You collected 112 gold pieces.

Inventory:

Hand Weapons
 a - a +2 dagger (weapon)
 b - a +0 blowgun
Missiles
 e - 8 poisoned needles
 k - 10 tomahawks (quivered)
Armour
 d - a +0 cloak (worn)
 l - a +1 ring mail (worn)
Potions
 h - a potion of brilliance
 j - a potion of curing {unknown}
 m - 2 potions of agility
Comestibles
 c - 3 meat rations
 g - 3 bread rations
 i - 4 fruits


   Skills:
 + Level 3.5 Fighting
 + Level 2.7 Short Blades
 - Level 1.7 Throwing
 + Level 2.3 Armour
 - Level 1.2 Dodging
 + Level 4.0 Stealth


You had 4 spell levels left.
You didn't know any spells.

Dungeon Overview and Level Annotations

Branches:
Dungeon (3/15)

Altars:
Cheibriados


Message History

Aim: an orc priest, wielding a flail and wearing a scale mail You shoot a curare-tipped needle.
The curare-tipped needle hits the orc priest.
The orc priest is poisoned.
The orc priest convulses.
The orc priest seems to slow down.
The orc priest threatens, "By the altar or by the axe, you will meet Beogh!"
The orc priest is severely wounded.
The orc priest threatens, "By the altar or by the axe, you will meet Beogh!"
The orc priest hits you with a flail.
a - a +2 dagger (weapon)
The orc priest calls down the wrath of Beogh upon you.
Pain shoots through your body!
* * * LOW HITPOINT WARNING * * *
You hit the orc priest.
The orc priest is almost dead.
You closely miss the orc priest.
The orc priest is almost dead.
The orc priest mumbles some strange prayers to Beogh against you.
Beogh smites you!
You die...

,***###..o..##########*********,,
,,,,o.!.....).........,,,,,,,,,,,
**,**##.....##o#######**********,
,*,* #....[##.# *, ,*,*
########.# *, ,*,* #.# *, ,*,*
#.# *, ,,,* ##(### *, ,*** #.)o@#
*, ,* #....# ** ,* #....# *
,****** ##.### * ,,,,,,*
#.############# * ,,,,,,*
#.............# * ,,,,,,*
#############.# * *******
##.##### #......#


You could see an orc priest.

Vanquished Creatures
  6 adders
  2 worms (D:2)
  2 dart slugs (D:2)
  3 leopard geckos
  6 orcs (D:3)
  2 giant cockroaches
  5 hobgoblins
  4 jackals (D:2)
  2 quokkas (D:2)
  7 bats
  4 frilled lizards
  4 goblins
  12 kobolds
  7 rats
66 creatures vanquished.

Notes
Turn   | Place    | Note
-------+----------+-------------------------------------------
     0 | D:1      | Celandrion the Hill Orc Assassin began the quest for the Orb.
     0 | D:1      | Reached XP level 1. HP: 18/18 MP: 1/1
   280 | D:1      | Reached skill level 1 in Dodging
   355 | D:1      | Reached XP level 2. HP: 8/25 MP: 2/2
  1014 | D:1      | Reached XP level 3. HP: 30/30 MP: 3/3
  1287 | D:2      | Found a snail-covered altar of Cheibriados.
  1314 | D:2      | Reached skill level 1 in Armour
  1465 | D:2      | Reached XP level 4. HP: 38/38 MP: 4/4
  1762 | D:2      | Reached skill level 4 in Stealth
  2187 | D:3      | Reached XP level 5. HP: 36/45 MP: 5/5
  2546 | D:3      | Killed from afar by an orc priest

Skill      XL: |  1  2  3  4 |
---------------+-------------+-----
Dodging        | 1 |  1.2
Fighting       | 3 |  3.5
Armour         | 1 2 |  2.3
Stealth        | 4 |  4.0
Short Blades   | |  2.7
Throwing       | |  1.7

Action                   |  1- 3 |  4- 6 || total
-------------------------+-------+-------++-------
Melee: Dagger            |   134 |   149 ||   283
 Fire: Blowgun           |       |     2 ||     2
Throw: Tomahawk          |     7 |     1 ||     8
  Use: Scroll            |     1 |     5 ||     6
 Stab: Sleeping          |     6 |     5 ||    11
  Eat: Chunk             |     2 |     3 ||     5
Armor: Robe              |     8 |       ||     8
       Ring mail         |    56 |    64 ||   120
Dodge: Dodged            |    93 |    77 ||   170
